 Dungeon Crawl Stone Soup version 0.26.0-16-gc1dbca0489 (webtiles) character file.

Game seed: 4834443273528466405

789 kaeus the Sneak (level 7, -3/49 HPs)
             Began as an Octopode Berserker on Jan 20, 2021.
             Was a Priest of Trog.
             Slain by a sky beast (5 damage)
             ... on level 5 of the Dungeon.
             The game lasted 00:09:18 (3681 turns).

kaeus the Sneak (Octopode Berserker)                Turns: 3681, Time: 00:09:19

Health: -3/49      AC:  1    Str: 16    XL:     7   Next: 87%
Magic:  7/7        EV: 15    Int: 10    God:    Trog [***...]
Gold:   344        SH:  5    Dex: 13    Spells: 6/6 levels left

rFire    . . .     SeeInvis .   y - +2 rapier (elec)
rCold    . . .     Faith    .   (no shield)
rNeg     . . .     Spirit   .   (helmet restricted)
rPois    .         Reflect  +   n - amulet of reflection
rElec    .         Harm     .   w - ring of resist corrosion
rCorr    +         Rampage  .   (no ring)
Will     .....                  (no ring)
Stlth    +++++.....             (no ring)
HPRegen  0.16/turn              (no ring)
MPRegen  0.10/turn              (no ring)
                                (no ring)
                                (no ring)

@: no status effects
A: almost no armour, stealthy swim, amphibious, 8 rings, constrict 8, camouflage
1, gelatinous body 1
a: Renounce Religion, Berserk, Trog's Hand


You were on level 5 of the Dungeon.
You worshipped Trog.
Trog was most pleased with you.
You visited 1 branch of the dungeon, and saw 5 of its levels.
You also visited: Sewer.

You collected 344 gold pieces.

Inventory:

Hand Weapons
 c - a +2 short sword of protection
 k - a +1 dagger of speed
 x - a +1 rapier of draining
 y - a +2 rapier of electrocution (weapon)
Jewellery
 n - an amulet of reflection (around mantle)
 w - a ring of resist corrosion (left tentacle)
Wands
 z - a wand of polymorph (6)
Scrolls
 a - 3 scrolls of teleportation
 b - 5 scrolls of identify
 g - a scroll of fog {unknown}
 i - a scroll of immolation {unknown}
 j - 2 scrolls of random uselessness {unknown}
 m - 4 scrolls of remove curse
 p - 2 scrolls of fear
 u - a scroll of blinking {unknown}
Potions
 d - a potion of magic {unknown}
 e - a potion of attraction {unknown}
 f - 3 potions of brilliance {unknown}
 h - a potion of berserk rage {unknown}
 l - 3 potions of curing {unknown}
 o - 2 potions of flight {unknown}
 q - a potion of invisibility {unknown}
 r - a potion of haste {unknown}
 s - 3 potions of might {unknown}
 t - 2 potions of cancellation {unknown}
 v - a potion of degeneration {unknown}


   Skills:
 + Level 4.7 Fighting
 + Level 4.9 Short Blades
 + Level 4.7 Dodging
 * Level 7.4 Stealth


You had 6 spell levels left.
You didn't know any spells.
Your spell library was empty.

Dungeon Overview and Level Annotations

Branches:
Dungeon (5/15)              Sewer (visited)
 Temple: D:4-7

Altars:


Innate Abilities, Weirdness & Mutations

You cannot wear most types of armour.
You are very stealthy in the water. (Stealth+)
You are amphibious.
You can wear up to eight rings at the same time.
You can use your tentacles to constrict eight enemies at once.
Your skin changes colour to match your surroundings (Stealth+).
Your rubbery body absorbs attacks. (AC +1, EV +1)


Message History

The sky beast barely misses you.
You closely miss the sky beast.
The sky beast is severely wounded.
The sky beast hits you. The sky beast shocks you.
You hit the sky beast but do no damage. Your squeeze misses the sky beast.
The sky beast is severely wounded.
The sky beast flickers out of sight!
Deactivating autopickup; reactivate with Ctrl-A.
Something hits you. Something shocks you.
You miss something. Something hits you. Something shocks you.
You miss something. Something hits you. Something shocks you.
* * * LOW HITPOINT WARNING * * *
You hit something. Something hits you.
* * * LOW HITPOINT WARNING * * *
Something shocks you.
* * * LOW HITPOINT WARNING * * *
You hit something but do no damage. Something hits you.
* * * LOW HITPOINT WARNING * * *
Something shocks you.
You die...

#.# #.# ######.#
#......# #.....<#
.####.....#####
................
.?###.....#####.##
#.......@{Y..#
###.#######..#
..... # ###.....
###.o#.. ..# . .##
.


You could see an ice beast.

Vanquished Creatures
  Sigmund (D:2)
  Duvessa (D:4)
  Dowan (D:4)
  4 wights (D:3)
  Crazy Yiuf (D:2)
  An iguana (D:4)
  3 worker ants (D:4)
  3 adders
  3 oozes
  5 worms
  8 leopard geckos
  12 orcs
  3 giant cockroaches
  9 goblins
  9 hobgoblins
  18 jackals
  A quokka (D:2)
  6 ball pythons
  6 bats
  5 frilled lizards
  2 jackal skeletons (D:4)
  6 kobolds
  11 rats
119 creatures vanquished.

Notes
Turn   | Place    | Note
-------+----------+-------------------------------------------
     0 | D:1      | kaeus the Octopode Berserker began the quest for the Orb.
     0 | D:1      | Reached XP level 1. HP: 16/16 MP: 1/1
   123 | D:1      | Reached skill level 1 in Stealth
   123 | D:1      | Reached XP level 2. HP: 21/21 MP: 2/2
   509 | D:1      | Reached skill level 2 in Stealth
   649 | D:1      | Reached XP level 3. HP: 26/26 MP: 3/3
   805 | D:2      | Reached ** piety under Trog
  1110 | D:2      | Reached skill level 3 in Stealth
  1125 | D:2      | Noticed Sigmund
  1139 | D:2      | Killed Sigmund
  1140 | D:2      | Reached skill level 4 in Stealth
  1140 | D:2      | Reached XP level 4. HP: 31/33 MP: 4/4
  1140 | D:2      | Reached XP level 5. HP: 35/37 MP: 5/5
  1227 | D:2      | Found a runed translucent door.
  1228 | D:2      | Noticed Crazy Yiuf
  1235 | D:2      | Killed Crazy Yiuf
  1236 | D:2      | Reached skill level 5 in Stealth
  1236 | D:2      | Reached XP level 6. HP: 43/43 MP: 6/6
  1654 | D:3      | Reached *** piety under Trog
  1781 | D:3      | Reached skill level 6 in Stealth
  1790 | D:3      | Reached XP level 7. HP: 13/48 MP: 7/7
  2238 | D:4      | Found a glowing drain.
  2248 | Sewer    | Entered a sewer
  3227 | D:4      | Noticed Dowan
  3228 | D:4      | Noticed Duvessa
  3255 | D:4      | Killed Dowan
  3256 | D:4      | Reached skill level 7 in Stealth
  3287 | D:4      | Killed Duvessa
  3657 | D:5      | Entered Level 5 of the Dungeon
  3681 | D:5      | HP: 2/49 [something (2)]
  3681 | D:5      | Slain by a sky beast

Illustrated notes

Levels and vault maps discovered:
D:1:      minmay_arrival_jagged, layout_loops_ring
D:2:      layout_basic, interstate_on_off, chequers_serial_rivers_marsh,
          minivault_11, minmay_misc_feat_columns, uniq_crazy_yiuf_cottage,
          uniq_sigmund
D:3:      layout_rooms
D:4:      layout_rooms, cheibrodos_sewer_entry_drain,
          kennysheep_generic_room_15, uniq_duvessa
D:5:      layout_basic, gammafunk_ghost_nasty_kobolds

Skill      XL: |  1  2  3  4  5  6  7 |
---------------+----------------------+-----
Stealth        | 1 2 4 5 6 7 |  7.4
Short Blades   | 4 |  4.9
Dodging        | 4 |  4.7
Fighting       | 4 |  4.7

Action                   |  1- 3 |  4- 6 |  7- 9 || total
-------------------------+-------+-------+-------++-------
Melee: Short sword       |    53 |       |       ||    53
       Tentacles         |     7 |    16 |    22 ||    45
       Constrict         |    13 |    16 |    27 ||    56
       Dagger            |    16 |    79 |    77 ||   172
       Rapier            |       |       |    45 ||    45
Invok: Berserk           |       |       |     1 ||     1
       Trog's Hand       |       |       |     1 ||     1
  Use: Scroll            |       |       |     5 ||     5
 Stab: Sleeping          |    14 |     3 |    18 ||    35
       Distracted        |     1 |       |       ||     1
Armor: Skin              |    10 |     2 |     5 ||    17
Dodge: Dodged            |    28 |    29 |    48 ||   105
Block: Other             |       |    15 |    16 ||    31
